 Dungeon Crawl Stone Soup version 0.29-a0-298-g3c90f9a769 (webtiles) character file.

Game seed: 6783802229897631981

85 Gildeon the Cudgeller (level 4, -1/28 HPs)
             Began as a Gargoyle Fighter on Mar 24, 2022.
             Slain by Natasha (5 damage)
             ... on level 3 of the Dungeon.
             The game lasted 00:03:39 (2079 turns).

Gildeon the Cudgeller (Gargoyle Fighter)            Turns: 2079, Time: 00:03:39

Health: -1/28      AC: 17    Str: 21    XL:     4   Next: 48%
Magic:  4/4        EV:  7    Int:  9    God:
Gold:   132        SH:  4    Dex:  9    Spells: 3/3 levels left

rFire   . . .      SeeInvis .   a - +0 flail
rCold   + . .      Faith    .   c - +0 buckler
rNeg    + . .      Spirit   .   l - +4 chain mail {rC+}
rPois   ∞          Reflect  .   e - +0 helmet
rElec   +          Harm     .   (no cloak)
rCorr   .          Rampage  .   (no gloves)
Will    +....                   (no boots)
Stlth   ..........              (no amulet)
HPRegen 0.09/turn               g - ring of willpower
MPRegen 0.09/turn               (no ring)

@: slowed, very slow
A: sickness immunity, AC +3, negative energy resistance 1, electricity
resistance, torment resistance 1, petrification resistance
a: no special abilities


You were on level 3 of the Dungeon.
You visited 1 branch of the dungeon, and saw 3 of its levels.

You collected 132 gold pieces.

Inventory:

Hand Weapons
 a - a +0 flail (weapon)
Armour
 c - a +0 buckler (worn)
 e - a +0 helmet (worn)
 l - a +4 chain mail of cold resistance (worn)
Jewellery
 g - a ring of willpower (left hand)
 k - a ring of fire
Scrolls
 b - a scroll of noise {unknown}
 j - a scroll of teleportation {unknown}
Potions
 d - a potion of might
 f - a potion of mutation {unknown}
 i - a potion of invisibility


   Skills:
 - Level 3.2 Fighting
 + Level 4.6 Maces & Flails
 - Level 3.2 Armour
 - Level 3.2 Shields


You had 3 spell levels left.
You didn't know any spells.
Your spell library contained the following spells:

 Spells                   Type           Power      Damage    Failure   Level
 Corpse Rot               Necr/Air       0%         N/A       100%        2
 Poisonous Vapours        Pois/Air       0%         N/A       100%        2
 Fireball                 Conj/Fire      0%         3d3       100%        5
 Iskenderun's Battlesphe  Conj           0%         2d6       100%        5
 Conjure Ball Lightning   Conj/Air       0%         3x3d6     100%        6
 Orb of Destruction       Conj           0%         9d5       100%        7


Dungeon Overview and Level Annotations

Branches:
Dungeon (3/15)

Altars:

Annotations:
D:3 Natasha


Innate Abilities, Weirdness & Mutations

You are immune to sickness and miasma.
Your stone body is resilient. (AC +3)
You are immune to poison.
You resist negative energy. (rN+)
You are resistant to electric shocks. (rElec)
You are resistant to unholy torment.
You are immune to petrification.


Message History

You miss something.
You hear some strange, mumbled words.
A magic dart appears from out of thin air!
The magic dart hits you but does no damage.
Something claws you but does no damage.
You hit something but do no damage. Something claws you but does no damage.
You completely miss something. Something claws you.
* * * LOW HITPOINT WARNING * * *
You barely miss something. Something claws you but does no damage.
You barely miss something.
Something claws you but does no damage. x2
You miss something. Something claws you but does no damage.
You miss something. Something claws you but does no damage.
You barely miss something.
You hear some strange, mumbled words.
Something tries to affect you, but you resist.
You hit something.
Something claws you but does no damage. x2
You closely miss something. Something claws you but does no damage.
You completely miss something. Something claws you but does no damage.
You miss something. Something claws you but does no damage.
You closely miss something.
Natasha appears from thin air!
Reactivating autopickup.
Natasha stares at you and mumbles some strange words.
You feel yourself slow down. You block Natasha's attack.
You hit Natasha but do no damage.
Natasha is moderately wounded.
Natasha claws you but does no damage.
You hit Natasha.
Natasha is moderately wounded.
Natasha casts a spell at you. You resist with almost no effort.
Natasha barely misses you.
Unknown command.
You barely miss Natasha.
Natasha is moderately wounded.
You block Natasha's attack.
Natasha stares at you and mumbles some strange words.
The magic dart hits you but does no damage.
You hit Natasha.
Natasha is heavily wounded.
Natasha claws you but does no damage. Natasha claws you.
You die...

## . ...# ##..# #
########.... .#
#..h..(..#.# .#
######@......###.#####
#........####.<........
#........####.#..######
#...........#.#.###
#........##.......######
#........####.#.#.......
########## #.#.########
#...# #..##


You could see Natasha.

Vanquished Creatures
  Terence (D:2)
  2 adders (D:2)
  A dart slug (D:1)
  3 ball pythons
  5 bats
  3 endoplasms
  A giant cockroach (D:1)
  3 goblins
  2 hobgoblins
  7 kobolds
  2 quokkas
  6 frilled lizards
  2 rats (D:1)
38 creatures vanquished.

Notes
Turn   | Place    | Note
-------+----------+-------------------------------------------
     0 | D:1      | Gildeon the Gargoyle Fighter began the quest for the Orb.
     0 | D:1      | Reached XP level 1. HP: 14/14 MP: 1/1
   123 | D:1      | Reached XP level 2. HP: 12/19 MP: 2/2
   475 | D:1      | Reached skill level 3 in Maces & Flails
   963 | D:1      | Reached XP level 3. HP: 22/23 MP: 3/3
  1476 | D:2      | Noticed Terence
  1493 | D:2      | Killed Terence
  1494 | D:2      | Reached skill level 4 in Maces & Flails
  1494 | D:2      | Reached XP level 4. HP: 9/28 MP: 4/4
  2050 | D:3      | Noticed Natasha
  2079 | D:3      | Slain by Natasha

Illustrated notes

Levels and vault maps discovered:
D:1:      minmay_arrival_up_and_down, layout_rooms
D:2:      layout_loops_ring, uniq_terence
D:3:      layout_rooms, overflow_temple_1_default,
          lemuel_coloured_pillars_altar, nicolae_concentric_dashed_squares_wild,
          uniq_natasha

Skill      XL: |  1  2  3 |
---------------+----------+-----
Maces & Flails | 3 4 |  4.6
Fighting       | |  3.2
Armour         | |  3.2
Shields        | |  3.2

Action                   |  1- 3 |  4- 6 || total
-------------------------+-------+-------++-------
Melee: Flail             |   112 |    46 ||   158
  Use: Scroll            |     2 |       ||     2
Armor: Scale mail        |    41 |       ||    41
       Chain mail        |     7 |    38 ||    45
Dodge: Dodged            |    51 |     8 ||    59
Block: Buckler           |    17 |     6 ||    23

Table legend: (Time is in decaauts)
 A = Elapsed time spent in this place.
 B = Non-inter-level travel time spent in this place.
 C = Inter-level travel time spent in this place.
 D = Time resting spent in this place.
 E = Time spent auto-exploring this place.
 F = Levels seen in this place.
 G = Mean time per level.
                   A        B        C        D        E       F      G
               +--------+--------+--------+--------+--------+-----+--------+
         Total |   2121 |   2083 |     38 |      0 |   1678 |   3 |  707.0 |
       Dungeon |   2121 |   2083 |     38 |      0 |   1678 |   3 |  707.0 |
               +--------+--------+--------+--------+--------+-----+--------+

Top non-repeatable levels by time:
     D:1: 1102 daAuts
     D:2: 959 daAuts
     D:3: 60 daAuts
